 Dungeon Crawl Stone Soup version 0.20.0 (webtiles) character file.

19 FakerFangirl the Skirmisher (level 2, -2/26 HPs)
             Began as a Draconian Fighter on May 26, 2017.
             Slain by an adder (4 damage)
             ... on level 1 of the Dungeon.
             The game lasted 00:00:40 (839 turns).

FakerFangirl the Skirmisher (Draconian Fighter)      Turns: 839, Time: 00:00:40

Health: -2/26      AC:  4    Str: 18    XL:     2   Next: 55%
Magic:  2/2        EV: 10    Int:  8    God:
Gold:   8          SH:  8    Dex: 10    Spells: 1/1 levels left

rFire    . . .     SeeInvis .   Y - +0 flail
rCold    . . .     Gourm    .   b - +0 shield
rNeg     . . .     Faith    .   (armour unavailable)
rPois    .         Spirit   .   (helmet restricted)
rElec    .         Reflect  .   (no cloak)
rCorr    .         Harm     .   (no gloves)
MR       .....                  (no boots)
Stlth    +.........             (no amulet)
Regen    0.1/turn               (no ring)
MPRegen  0.1/turn               (no ring)

@: about to teleport
A: unfitting armour, cold-blooded, AC +4
a: no special abilities


You were on level 1 of the Dungeon.
You were not hungry.

You visited 1 branch of the dungeon, and saw 2 of its levels.

You collected 8 gold pieces.


Innate Abilities, Weirdness & Mutations

Your plain brown scales are hard. (AC +4)
You cannot fit into any form of body armour.
You are cold-blooded and may be slowed by cold attacks.


   Skills:
 - Level 3.2 Fighting
 + Level 3.2 Maces & Flails
 - Level 2.6 Dodging
 - Level 3.0 Shields


You had one spell level left.
You didn't know any spells.

Inventory:

Hand Weapons
 Y - a +0 flail (weapon)
Armour
 b - a +0 shield (worn)
Scrolls
 a - a scroll of teleportation
Potions
 c - a potion of might
 e - a potion of agility {unknown}
Comestibles
 d - a bread ration
 f - 2 royal jellies
 g - 4 chunks of flesh

Dungeon Overview and Level Annotations

Branches:
Dungeon (2/15)

Altars:


Message History

You hit the adder but do no damage.
Your tail-slap misses the adder.
The adder is heavily wounded.
The adder barely misses you. You block the adder's attack.
You closely miss the adder.
The adder is heavily wounded.
You block the adder's attack.
You barely miss the adder.
Your tail-slap misses the adder.
The adder is heavily wounded.
The adder barely misses you. The adder bites you.
You closely miss the adder.
The adder is heavily wounded.
The adder bites you. x2
838 ||| READING 2 scrolls of teleportation.
As you read the scroll of teleportation, it crumbles to dust.
You feel strangely unstable. You block the adder's attack.
You miss the adder.
The adder is heavily wounded.
The adder bites you. x2
You die...

#.#####.#.# #.# #.#.# #.#
#.#.# #.# #.#.# ##### #.#
#.#.# #...### #.# #.#.#
#...... #.# #.#.# #...###
#.# #.#S# ##.## ##.## #.#@#
##.# #...####.#)####
###..## #.............##
#..#..#
#...####.#.....####.###.###
##### #.#.........## ##...
#.#.....####.###.###
###.##...## #..#..#
#.....#.## ###(###
######.#.#.#.# #.#


You could see an adder.

Vanquished Creatures
  2 leopard geckos (D:1)
  A bat (D:1)
  2 giant cockroaches (D:1)
  3 goblins (D:1)
  A hobgoblin (D:1)
  3 kobolds (D:1)
  2 rats (D:1)
14 creatures vanquished.

Notes
Turn   | Place    | Note
-------+----------+-------------------------------------------
     0 | D:1      | FakerFangirl the Draconian Fighter began the quest for the Orb.
     0 | D:1      | Reached XP level 1. HP: 19/19 MP: 1/1
     0 | D:1      | 0 ||| counter = 73
   354 | D:1      | Reached XP level 2. HP: 26/26 MP: 2/2
   573 | D:1      | Reached skill level 3 in Maces & Flails
   765 | D:1      | 765 ||| READING 3 scrolls labeled YJAOCE XYFREM.
   769 | D:1      | 769 ||| READING 2 scrolls labeled ITAXKU GOMEDD.
   770 | D:1      | 770 ||| DROPPING scroll of magic mapping.
   816 | D:2      | 816 ||| STAIRDANCE
   825 | D:2      | 825 ||| STAIRDANCE
   837 | D:1      | HP: 5/26 [adder (2)]
   838 | D:1      | 838 ||| READING 2 scrolls of teleportation.
   839 | D:1      | HP: 2/26 [adder (3)]
   839 | D:1      | Slain by an adder

Vault maps used:
D:1:      lightli_arrival_quake
D:2:      fedhas_altar_4, uniq_terence, uniq_sigmund, uniq_natasha

Skill      XL: |  1  2 |
---------------+-------+-----
Maces & Flails | 3 |  3.2
Fighting       | |  3.2
Dodging        | |  2.6
Shields        | |  3.0

Action                   || total
-------------------------++-------
Melee: Flail             ||    41
       Tailslap          ||     5
  Use: Scroll            ||     3
Armor: Skin              ||     9
Dodge: Dodged            ||    16
Block: Shield            ||    12
